 Dungeon Crawl Stone Soup version 0.27-a0-1140-g099f9bb0e8 (webtiles) character file.

Game seed: 12091734480960220928

1605 Glokmah the Thaumaturge (level 8, 0/45 HPs)
             Began as a Deep Elf Conjurer on May 9, 2021.
             Was an Initiate of Sif Muna.
             Succumbed to a water moccasin's poison
             ... on level 6 of the Dungeon.
             The game lasted 00:11:21 (6392 turns).

Glokmah the Thaumaturge (Deep Elf Conjurer)         Turns: 6392, Time: 00:11:21

Health: 0/45       AC:  3    Str:  3 (4)  XL:     8   Next: 63%
Magic:  18/23      EV: 12    Int: 24 (26) God:    Sif Muna [......]
Gold:   248        SH:  0    Dex:  8 (11) Spells: 18/25 levels left

rFire    + . .     SeeInvis .   a - +2 dagger (vamp)
rCold    + . .     Faith    .   (no shield)
rNeg     . . .     Spirit   .   y - +1 robe {Will+}
rPois    +         Reflect  .   (no helmet)
rElec    +         Harm     .   (no cloak)
rCorr    +         Rampage  .   (no gloves)
Will     +....                  (no boots)
Stlth    ++........             (no amulet)
HPRegen  0.15/turn              (no ring)
MPRegen  0.18/turn              (no ring)

@: mighty, lethally poisoned (0 -> -8), resistant, flying
A: talons 1, clumsy 1
a: Renounce Religion


You were on level 6 of the Dungeon.
You worshipped Sif Muna.
Sif Muna was noncommittal.
You visited 2 branches of the dungeon, and saw 7 of its levels.

You collected 248 gold pieces.

Inventory:

Hand Weapons
 a - a +2 vampiric dagger (weapon)
Missiles
 o - 5 boomerangs
 p - 2 poisoned darts
 s - 6 javelins
Armour
 f - a +0 buckler
 y - a +1 robe of willpower (worn)
Wands
 g - a wand of polymorph (6)
 m - a wand of acid (13)
Scrolls
 c - a scroll of holy word {unknown}
 d - 2 scrolls of enchant weapon {unknown}
 e - 4 scrolls of identify {unknown}
 i - a scroll of magic mapping {unknown}
 k - a scroll of fear {unknown}
 q - a scroll of amnesia {unknown}
 r - a scroll of vulnerability {unknown}
 u - a scroll of immolation {unknown}
 v - a scroll of acquirement {unknown}
 x - a scroll of brand weapon {unknown}
 z - a scroll of fog {unknown}
Potions
 b - a potion of degeneration
 l - a potion of flight
 t - a potion of curing {unknown}
 w - a potion of attraction {unknown}


   Skills:
 * Level 2.3 Fighting
 + Level 0.5 Short Blades
 + Level 1.0 Armour
 + Level 3.4 Dodging
 - Level 2.4 Stealth
 * Level 2.5 Shields
 * Level 9.2 Spellcasting
 * Level 8.2 Conjurations
 * Level 2.4 Hexes


You had 18 spell levels left.
You knew the following spells:

 Your Spells              Type           Power      Damage    Failure   Level
a - Magic Dart            Conj           100%       1d8       1%          1
b - Searing Ray           Conj           100%       3d7       1%          2
c - Fulminant Prism       Conj/Hex       18%        3d11      6%          4

Your spell library contained the following spells:

 Spells                   Type           Power      Damage    Failure   Level
 Dazzling Flash           Conj/Hex       72%        N/A       1%          3
 Iskenderun's Mystic Bla  Conj/Tloc      30%        2d8       11%         4


Dungeon Overview and Level Annotations

Branches:
Dungeon (6/15)             Temple (1/1) D:5

Altars:
Ashenzari
Cheibriados
Dithmenos
Elyvilon
Fedhas
Hepliaklqana
Kikubaaqudgha
Okawaru
Ru
Sif Muna
Trog
Uskayaw
Wu Jian
Xom
Yredelemnul
The Shining One

Annotations:
D:3 3 runed translucent doors, Gilette's ghost, amateur DEEE


Innate Abilities, Weirdness & Mutations

You have sharp toenails.
You are clumsy. (Dex -2)


Message History

You finish channeling your searing ray.
You feel very sick. The water moccasin bites you!
You feel very sick. The water moccasin bites you!
You are lethally poisoned!
The water moccasin poisons you!
There is a stone staircase leading up, spattered with blood here.
It was a potion of degeneration.
There was something very wrong with that liquid.
You feel weakened.
You feel dopey.
You feel clumsy.
You feel very sick.
The water moccasin bites you but does no damage.
Casting: Searing Ray (safe; 1% risk of failure)
Confirm with . or Enter, or press ? or * to list all spells.
Aiming: Searing Ray (safe; 1% risk of failure)
Press: ? - help, Shift-Dir - straight line, f/p - water moccasin
Aim: a water moccasin (heavily wounded, 72% to hit)
The searing ray hits the water moccasin!
You kill the water moccasin!
Sif Muna accepts your kill. (Press . to maintain the ray.)
* * * LOW HITPOINT WARNING * * *
You feel very sick.
Your Armour skill increases to level 1!
It was a potion of flight.
You feel very buoyant.
You fly up into the air.
* * * LOW HITPOINT WARNING * * *
You feel very sick.
It was a potion of resistance.
You feel protected.
* * * LOW HITPOINT WARNING * * *
You feel very sick.
It was a potion of mutation.
You feel extremely strange.
You feel clumsy.
Your toenails lengthen and sharpen.
* * * LOW HITPOINT WARNING * * *
You feel sick.
It was a potion of might.
You feel very mighty all of a sudden.
You die...

##+##
##...##
##.....##
##.......##
#.........#
+.........+
#.........#
#..@....#
##.....##
$..(...##
......(.##
#........#
#........#
..........
#.........


There were no monsters in sight!

Vanquished Creatures
  Pikel (D:4)
  A water moccasin (D:6)
  A black bear (D:4)
  An ice beast (D:5)
  An ogre (D:4)
  A centaur (D:5)
  A lemure (D:3)
  A phantom (D:5)
  A water moccasin skeleton (D:5)
  A centaur zombie (D:4)
  An iguana (D:5)
  7 orc wizards
  Ijyb (D:3)
  2 scorpion zombies (D:4)
  4 hound zombies (D:4)
  2 hound skeletons (D:4)
  7 adders
  2 adder skeletons (D:4)
  3 adder zombies
  4 worms
  A dart slug (D:2)
  15 orcs
  6 endoplasms
  4 giant cockroaches
  4 hobgoblins
  2 jackals (D:3)
  2 quokkas
  6 ball pythons
  2 bats
  4 frilled lizards
  4 goblins
  8 kobolds
  A rat (D:1)
102 creatures vanquished.

Vanquished Creatures (others)
  2 fulminant prisms (D:5)
  A withered plant (D:4)
3 creatures vanquished.

Grand Total: 105 creatures vanquished

Notes
Turn   | Place    | Note
-------+----------+-------------------------------------------
     0 | D:1      | Glokmah the Deep Elf Conjurer began the quest for the Orb.
     0 | D:1      | Reached XP level 1. HP: 10/10 MP: 6/6
   468 | D:1      | Reached XP level 2. HP: 15/15 MP: 4/8
   471 | D:1      | Learned a level 2 spell: Searing Ray
   962 | D:1      | Found a faded altar of an unknown god.
  1455 | D:2      | Reached skill level 4 in Spellcasting
  1455 | D:2      | Reached skill level 5 in Conjurations
  1455 | D:2      | Reached XP level 3. HP: 20/20 MP: 1/10
  1598 | D:2      | Reached XP level 4. HP: 23/24 MP: 7/12
  2200 | D:2      | Reached skill level 1 in Shields
  2525 | D:3      | Found a runed translucent gate.
  2526 | D:3      | Found a runed translucent gate.
  2527 | D:3      | Found a runed translucent gate.
  2529 | D:3      | Noticed Gilette's ghost (amateur DEEE)
  2602 | D:3      | Noticed Ijyb
  2641 | D:3      | Killed Ijyb
  2642 | D:3      | Reached XP level 5. HP: 20/28 MP: 3/13
  2764 | D:3      | Found a snail-covered altar of Cheibriados.
  3772 | D:4      | Noticed a lemure
  3772 | D:4      | Noticed a lemure
  3848 | D:4      | Noticed a lemure
  3850 | D:4      | Noticed Pikel
  3850 | D:4      | Noticed a lemure
  3905 | D:3      | Killed a lemure
  4050 | D:4      | Reached skill level 5 in Spellcasting
  4151 | D:4      | Killed Pikel
  4152 | D:4      | Reached skill level 1 in Fighting
  4152 | D:4      | Reached skill level 7 in Spellcasting
  4152 | D:4      | Reached XP level 6. HP: 30/34 MP: 9/18
  4152 | D:4      | Reached XP level 7. HP: 34/38 MP: 9/19
  4478 | D:4      | Learned a level 4 spell: Fulminant Prism
  4767 | D:4      | Reached skill level 8 in Spellcasting
  4767 | D:4      | Reached XP level 8. HP: 44/44 MP: 16/22
  4997 | D:5      | Entered Level 5 of the Dungeon
  5005 | D:5      | Reached skill level 1 in Hexes
  5888 | D:5      | Reached skill level 9 in Spellcasting
  5999 | D:5      | Found a staircase to the Ecumenical Temple.
  6008 | Temple   | Entered the Ecumenical Temple
  6116 | Temple   | Became a worshipper of Sif Muna the Loreminder
  6389 | D:6      | Reached skill level 1 in Armour
  6391 | D:6      | Gained mutation: You are clumsy. (Dex -2) [potion of
                  | mutation]
  6391 | D:6      | Gained mutation: You have sharp toenails. [potion of
                  | mutation]
  6391 | D:6      | HP: 2/45 [poisoned by a water moccasin]
  6392 | D:6      | Succumbed to a water moccasin's poison

Illustrated notes

Levels and vault maps discovered:
D:1:      onia_arrival_mini_spirals, layout_loops_corners,
          shapermc_ecumenical_altar_mp_vishouse, serial_park_tiny_1
D:2:      layout_basic
D:3:      layout_basic, cheibrodos_worm_habitat, gammafunk_ghost_split,
          uniq_ijyb
D:4:      layout_gridville, serial_undead, serial_undead_c, serial_undead_c,
          serial_undead_f, serial_undead_b, serial_undead_a, serial_undead_b,
          serial_undead_d, uniq_pikel
D:5:      layout_loops_ring, minmay_temple_entry_statues_fountains
D:6:      layout_loops_corners, nemelex_spade_bored_becter, minmay_manual_maat,
          uniq_prince_ribbit1
Temple:   regret_index_temple_waves

Skill      XL: |  1  2  3  4  5  6  7  8 |
---------------+-------------------------+-----
Spellcasting   | 4 7 8 9 |  9.2
Conjurations   | 5 7 8 |  8.2
Shields        | 1 2 |  2.5
Fighting       | 1 2 |  2.3
Dodging        | 3 |  3.4
Hexes          | 2 |  2.4
Armour         | 1 |  1.0
Short Blades   | |  0.5
Stealth        | |  2.4

Action                   |  1- 3 |  4- 6 |  7- 9 || total
-------------------------+-------+-------+-------++-------
Melee: Dagger            |     4 |     3 |     1 ||     8
 Cast: Magic Dart        |    22 |    46 |    41 ||   109
       Searing Ray       |     6 |    25 |    26 ||    57
       Fulminant Prism   |       |       |     2 ||     2
  Use: Potion            |       |       |     5 ||     5
 Stab: Sleeping          |     2 |       |       ||     2
Armor: Robe              |     1 |     1 |     4 ||     6
       Leather armour    |       |       |     2 ||     2
Dodge: Dodged            |     6 |    12 |    21 ||    39

Table legend: (Time is in decaauts)
 A = Elapsed time spent in this place.
 B = Non-inter-level travel time spent in this place.
 C = Inter-level travel time spent in this place.
 D = Time resting spent in this place.
 E = Time spent auto-exploring this place.
 F = Levels seen in this place.
 G = Mean time per level.
                   A        B        C        D        E       F      G
               +--------+--------+--------+--------+--------+-----+--------+
         Total |   6413 |   5975 |    438 |   1510 |   3487 |   7 |  916.1 |
       Dungeon |   6283 |   5878 |    405 |   1510 |   3394 |   6 | 1047.2 |
        Temple |    129 |     96 |     33 |      0 |     93 |   1 |  129.0 |
               +--------+--------+--------+--------+--------+-----+--------+

Top non-repeatable levels by time:
     D:1: 1656 daAuts
     D:3: 1417 daAuts
     D:4: 1296 daAuts
     D:5: 979 daAuts
     D:2: 922 daAuts
  Temple: 129 daAuts
     D:6: 11 daAuts
